 Dungeon Crawl Stone Soup version 0.27-a0-1048-g7ee7857c10 (webtiles) character file.

Game seed: 7283754267529222732

47 Gaff the Magician (level 3, 0/39 HPs)
             Began as a Djinni Hedge Wizard on Apr 20, 2021.
             Was a Believer of Zin.
             Slain by a centaur skeleton (1 damage)
             ... on level 3 of the Dungeon.
             The game lasted 00:08:56 (2620 turns).

Gaff the Magician (Djinni Hedge Wizard)             Turns: 2620, Time: 00:08:56

Health: 0/39       AC:  2    Str:  9    XL:     3   Next: 70%
Gold:   95         EV: 12    Int: 16    God:    Zin [**....] SH:  0 Dex: 12

rFire    + + .     SeeInvis .   r - +1 dagger (speed)
rCold    x . .     Faith    .   (no shield)
rNeg     . . .     Spirit   .   b - +0 robe
rPois    ∞         Reflect  .   c - +0 hat
rElec    .         Harm     .   (no cloak)
rCorr    .         Rampage  .   (no gloves)
Will     .....                  (boots unavailable)
Stlth    ..........             (no amulet)
HPRegen  0.13/turn              (no ring)
MPRegen  0.00/turn              (no ring)

@: berserking, attractive, flying, very slightly contaminated, very quick
A: fire resistance 2, cold vulnerability 1, float, innate caster, hp casting,
extra vitality 1
a: Renounce Religion, Recite, Vitalisation, Donate Gold


You were on level 3 of the Dungeon.
You worshipped Zin.
Zin was pleased with you.
You visited 1 branch of the dungeon, and saw 3 of its levels.

You collected 105 gold pieces.
You donated 10 gold pieces to Zin.

Inventory:

Hand Weapons
 a - a +0 dagger
 j - a +0 dire flail
 n - a +0 short sword
 r - a +1 dagger of speed (weapon)
Missiles
 f - 5 boomerangs
 o - 10 poisoned darts
Armour
 b - a +0 robe (worn)
 c - a +0 hat (worn)
 k - a +0 leather armour
Jewellery
 u - an amulet of guardian spirit
Wands
 i - a wand of iceblast (8)
Scrolls
 h - a scroll of enchant weapon {unknown}
 l - a scroll of acquirement {unknown}
 m - a scroll of identify {unknown}
 t - a scroll of teleportation {unknown}
Potions
 e - a potion of cancellation {unknown}
 g - a potion of attraction
 p - a potion of lignification {unknown}
 q - 2 potions of haste {unknown}
 s - a potion of invisibility {unknown}


   Skills:
 + Level 0.5 Fighting
 - Level 2.1 Dodging
 - Level 2.4 Stealth
 + Level 3.3 Spellcasting
 + Level 0.0 Invocations


You couldn't memorise any spells.
You knew the following spells:

 Your Spells              Type           Power      Damage    Failure   Level
a - Magic Dart            Conj           52%        1d5       4%          1
b - Blink                 Tloc           N/A        N/A       7%          2
c - Call Imp              Summ           13%        N/A       7%          2
d - Slow                  Hex            13%        N/A       7%          2
e - Conjure Flame         Conj/Fire      13%        6-21      14%         3
f - Mephitic Cloud        Conj/Pois/Air  13%        N/A       14%         3
g - Freeze                Ice            52%        1d7       4%          1
Your spell library was empty.

Dungeon Overview and Level Annotations

Branches:
Dungeon (3/15)

Altars:
Zin


Innate Abilities, Weirdness & Mutations

You are immune to poison.
Your flesh is very heat resistant. (rF++)
You are vulnerable to cold. (rC-)
You float through the air rather than walking.
You learn spells naturally, not from books.
Your magical power is your life essence.
You have superior vitality. (+4 HP)


Message History

You blink.
* * * LOW HITPOINT WARNING * * *
Casting: Blink (safe; 7% risk of failure)
Confirm with . or Enter, or press ? or * to list all spells.
You miscast Blink.
You are very lightly contaminated with residual magic.
Nothing appears to happen.
* * * LOW HITPOINT WARNING * * *
The centaur skeleton hits you.
* * * LOW HITPOINT WARNING * * *
The centaur skeleton kicks you.
* * * LOW HITPOINT WARNING * * *
The centaur skeleton completely misses you.
The centaur skeleton kicks you but does no damage.
Casting: Blink (safe; 7% risk of failure)
Confirm with . or Enter, or press ? or * to list all spells.
Okay, then.
You don't have enough health to cast this spell.
You don't have enough health to cast this spell.
Unknown command.
It was a potion of attraction.
You feel attractive to monsters.
The centaur skeleton hits you but does no damage.
The centaur skeleton kicks you but does no damage.
It was a potion of berserk rage.
A red film seems to cover your vision as you go berserk!
You feel yourself moving faster!
You feel mighty! The centaur skeleton hits you.
* * * LOW HITPOINT WARNING * * *
The centaur skeleton kicks you but does no damage.
Unknown command.
You hit the centaur skeleton.
The centaur skeleton is heavily damaged.
The centaur skeleton hits you. Zin protects you from harm!
The centaur skeleton kicks you but does no damage.
You puncture the centaur skeleton!
The centaur skeleton is severely damaged.
The centaur skeleton hits you.
You die...

#..# #< #..# #.
#..### #. # .....
.. #. ##..# ##.
#.. #...# #.
#...####..#### #
##. #..........#
#. ..
#...####Z@##.....
#.##. #.# #..#
### ##.≈≈. #
#..######


#PPPP♣ #..........P .≈≈≈♣≈ ##..#######PPP≈≈≈♣PP .#####.#........PP≈♣≈≈♣PP
.........######..≈≈≈♣♣PP. ######.## #.PP≈≈♣♣♣PP #.# #.P.P≈♣≈♣≈P You could see a
centaur skeleton.

Vanquished Creatures
  An orc (D:3)
  2 endoplasms
  A giant cockroach (D:2)
  5 hobgoblins
  5 jackals
  A quokka (D:2)
  5 ball pythons
  3 bats (D:2)
  5 frilled lizards
  5 goblins
  6 kobolds
  4 rats
43 creatures vanquished.

Notes
Turn   | Place    | Note
-------+----------+-------------------------------------------
     0 | D:1      | Gaff the Djinni Hedge Wizard began the quest for the Orb.
     0 | D:1      | Reached XP level 1. HP: 15/15 MP: 0/0
   331 | D:1      | Found a faded altar of an unknown god.
   350 | D:1      | Reached skill level 3 in Spellcasting
   350 | D:1      | Reached XP level 2. HP: 13/21 MP: 0/0
   501 | D:1      | Became a worshipper of Zin the Law-Giver
   501 | D:1      | Reached * piety under Zin
   703 | D:1      | You are sucked into a shaft and drop 1 floor!
   811 | D:2      | Reached XP level 3. HP: 11/25 MP: 0/0
   811 | D:2      | Learned a level 1 spell: Freeze
  1901 | D:1      | Reached ** piety under Zin
  2616 | D:3      | HP: 1/26 [centaur skeleton (1)]
  2619 | D:3      | Zin protects you from harm!
  2620 | D:3      | Slain by a centaur skeleton

Illustrated notes

Levels and vault maps discovered:
D:1:      lightli_arrival_statuegarden, layout_basic,
          hellmonk_ecumenical_altar_lost_god
D:2:      layout_rooms
D:3:      layout_loops_ring, okawaru_metal_pillars_1_2, serial_bayou_lagoon_a

Skill      XL: |  1  2 |
---------------+-------+-----
Spellcasting   | 3 |  3.3
Stealth        | 2 |  2.4
Fighting       | |  0.5
Dodging        | |  2.1

Action                   || total
-------------------------++-------
Melee: Dire flail        ||     4
       Dagger            ||     5
 Cast: Magic Dart        ||    88
       Blink             ||     4
Invok: Recite            ||     1
  Use: Potion            ||     2
Armor: Robe              ||     8
Dodge: Dodged            ||    16

Table legend: (Time is in decaauts)
 A = Elapsed time spent in this place.
 B = Non-inter-level travel time spent in this place.
 C = Inter-level travel time spent in this place.
 D = Time resting spent in this place.
 E = Time spent auto-exploring this place.
 F = Levels seen in this place.
 G = Mean time per level.
                   A        B        C        D        E       F      G
               +--------+--------+--------+--------+--------+-----+--------+
         Total |   2621 |   2517 |    104 |    899 |   1226 |   3 |  873.7 |
       Dungeon |   2621 |   2517 |    104 |    899 |   1226 |   3 |  873.7 |
               +--------+--------+--------+--------+--------+-----+--------+

Top non-repeatable levels by time:
     D:1: 1352 daAuts
     D:2: 943 daAuts
     D:3: 325 daAuts
